 Dungeon Crawl Stone Soup version 0.31-a0-233-g139696dc86 (webtiles) character file.

Game seed: 14972374088966335881

208 Iniera the Cutter (level 5, -5/48 HPs)
             Began as a Tengu Gladiator on July 8, 2023.
             Was an Initiate of Dithmenos.
             Constricted to death by Pikel (6 damage)
             ... on level 3 of the Dungeon.
             The game lasted 00:02:37 (2752 turns).

Iniera the Cutter (Tengu Gladiator)                 Turns: 2752, Time: 00:02:38

Health: -5/48      AC: 22    Str: 13    XL:     5   Next: 86%
Magic:  6/6        EV: -1    Int:  8    God:    Dithmenos [......]
Gold:   155        SH:  0    Dex: 21    Spells: 4/4 levels left

rFire   . . .        f - +2 dagger (drain)
rCold   . . .        (no shield)
rNeg    . . .        b - melded +0 leather armour
rPois   +            c - melded +1 hat
rElec   .            (cloak currently unavailable)
rCorr   .            (gloves currently unavailable)
SInv    .            (boots unavailable)
Will    .....        (no amulet)
Stlth   ++           (no ring)
HPRegen 0.28/turn    (no ring)
MPRegen 0.10/turn

%: no passive effects
@: mighty, tree-form (expiring), grasped by roots, constricted
A: stationary, stasis, torment immunity, boosted hp, (beak), (talons 3), nimble
flight, agile 1, (teleportitis 1)
a: Renounce Religion


You were on level 3 of the Dungeon.
You worshipped Dithmenos.
Dithmenos was noncommittal.
You were a tree.
You visited 1 branch of the dungeon, and saw 4 of its levels.

You collected 155 gold pieces.

Inventory:

Hand Weapons
 a - a +0 rapier
 f - a +2 dagger of draining (weapon)
Missiles
 d - 3 throwing nets (quivered)
 e - a javelin
Armour
 b - a +0 leather armour (melded)
 c - a +1 hat (melded)
Scrolls
 i - a scroll of enchant weapon
Potions
 g - a potion of heal wounds {unknown}
 h - a potion of might
 k - 2 potions of enlightenment {unknown}
 l - 3 potions of lignification
 m - a potion of mutation
 n - 2 potions of curing {unknown}


   Skills:
 + Level 3.1 Fighting
 * Level 5.1 Short Blades
 - Level 2.0 Throwing
 + Level 4.3 Dodging
 + Level 2.1 Stealth


You had 4 spell levels left.
You didn't know any spells.
Your spell library contained the following spells:

 Spells                   Type           Power      Damage    Failure   Level
 Beastly Appendage        Tmut           0%         N/A       41%         1
 Wereblood                Tmut           0%         N/A       54%         2
 Spider Form              Tmut/Pois      0%         N/A       78%         3


Dungeon Overview and Level Annotations

Branches:
Dungeon (4/15)             Temple (0/1) D:4

Altars:
Dithmenos
Ru

Shops:
D:1 (

Annotations:
D:3 Pikel


Innate Abilities, Weirdness & Mutations

You are a tree.
Your roots penetrate the ground, keeping you stationary.
You cannot be teleported.
You are immune to unholy pain and torment.
Your maximum health is greatly increased.
Your equipment is partially melded.
((You have a beak for a mouth.))
((You have claws for feet.))
Your magical nature lets you fly swiftly and evasively.
You are agile. (Dex +4, Str/Int -1)
((You are occasionally teleported next to monsters.))


Message History

* * * LOW HITPOINT WARNING * * *
You hit Pikel but do no damage.
Pikel is lightly wounded.
You hit Pikel but do no damage. You drain Pikel.
Pikel is lightly wounded.
Pikel hits you with a +1 whip of electrocution.
* * * LOW HITPOINT WARNING * * *
You hit Pikel but do no damage.
Pikel is lightly wounded.
Pikel hits you but does no damage.
You barely miss Pikel.
Pikel is lightly wounded.
Pikel hits you but does no damage.
It was a potion of might.
You feel very mighty all of a sudden. Pikel hits you but does no damage.
You hit Pikel.
Pikel is moderately wounded.
You hit Pikel but do no damage.
Pikel is moderately wounded.
Pikel zaps a wand.
The roots erupt in riotous growth!
The grasping roots grab you!
Pikel is unaffected.
The grasping roots constrict you.
You barely miss Pikel.
Pikel is moderately wounded.
Pikel hits you with a +1 whip of electrocution.
* * * LOW HITPOINT WARNING * * *
The grasping roots constrict you.
You hit Pikel.
Pikel is moderately wounded.
You puncture Pikel!
Pikel is heavily wounded.
Your transformation is almost over.
Pikel hits you but does no damage.
You are electrocuted!
* * * LOW HITPOINT WARNING * * *
The grasping roots constrict you.
It was a potion of mutation.
You feel extremely strange.
You feel agile.
You feel weirdly uncertain. Pikel hits you but does no damage.
The grasping roots constrict you.
You die...

## .# .#########
.........########################
.....###.........................
.###..####..#####################
.# ##........# ##
#####....#######
#######......#.K♣†.##############
.##..............................
.....................##########..
.....................# ##..
.....................# #####...
............<........#####..##...
.............>.............##.._.
.##..................####.###....
###.................## ##.# #####


You could see Pikel (drained).

Vanquished Creatures
  A lemure (D:3)
  A hound (D:3)
  An orc priest (D:3)
  An orc wizard (D:3)
  4 adders
  A dart slug (D:3)
  10 orcs (D:3)
  9 ball pythons
  5 bats
  8 endoplasms
  2 giant cockroaches
  7 goblins
  6 hobgoblins
  3 jackals (D:1)
  8 kobolds
  A quokka (D:3)
  A frilled lizard (D:1)
  6 rats
75 creatures vanquished.

Notes
Turn   | Place    | Note
-------+----------+-------------------------------------------
     0 | D:1      | Iniera the Tengu Gladiator began the quest for the Orb.
     0 | D:1      | Reached XP level 1. HP: 12/12 MP: 2/2
   334 | D:1      | Reached XP level 2. HP: 11/15 MP: 3/3
   503 | D:1      | Found Joban's Weapon Shop.
   801 | D:1      | Reached XP level 3. HP: 7/22 MP: 4/4
  1006 | D:2      | Reached skill level 4 in Short Blades
  1342 | D:2      | Reached skill level 1 in Stealth
  1872 | D:3      | Reached XP level 4. HP: 27/27 MP: 5/5
  1908 | D:3      | Found a faded altar of an unknown god.
  2032 | D:3      | Found a sacrificial altar of Ru.
  2060 | D:3      | Gained mutation: Your magical nature lets you fly swiftly
                  | and evasively. [Tengu growth]
  2060 | D:3      | Reached XP level 5. HP: 19/32 MP: 6/6
  2139 | D:3      | Found a shadowy altar of Dithmenos.
  2391 | D:3      | Reached skill level 5 in Short Blades
  2524 | D:3      | Became a worshipper of Dithmenos the Shadowed
  2572 | D:4      | Noticed a lemure
  2573 | D:4      | Noticed Pikel
  2573 | D:4      | Noticed a lemure
  2573 | D:4      | Noticed a lemure
  2575 | D:4      | Noticed a lemure
  2576 | D:4      | Found a staircase to the Ecumenical Temple.
  2654 | D:3      | Killed a lemure
  2751 | D:3      | HP: 1/48 [Pikel/+1 whip of electrocution (11)]
  2752 | D:3      | Gained mutation: You are agile. (Dex +4, Str/Int -1)
                  | [potion of mutation]
  2752 | D:3      | Gained mutation: You are occasionally teleported next to
                  | monsters. [potion of mutation]
  2752 | D:3      | Constricted to death by Pikel

Illustrated notes

Levels and vault maps discovered:
D:1:      dpeg_arrival_simpleton_b, layout_loops_corners, serial_shops,
          nicolae_shop_statue_plus, minmay_hedge_maze, minmay_tall_x
D:2:      layout_loops_corners, minmay_shallow_snake_nest
D:3:      layout_rooms, nicolae_ru_awakened_eye, mainiacjoe_overflow_alcove_1,
          ebering_ecumenical_altar_mist, minmay_between
D:4:      layout_basic, temple_pool_b, uniq_pikel

Skill      XL: |  1  2  3  4  5 |
---------------+----------------+-----
Short Blades   | 4 5 |  5.1
Stealth        | 1 2 |  2.1
Dodging        | 4 |  4.3
Fighting       | 3 |  3.1
Throwing       | |  2.0

Action                     |  1- 3 |  4- 6 || total
---------------------------+-------+-------++-------
  Melee: Dagger            |    63 |    99 ||   162
         Rapier            |     7 |       ||     7
         Kick              |    12 |    23 ||    35
         Peck              |    10 |     7 ||    17
         Punch             |     2 |       ||     2
    Use: Scroll            |     3 |     2 ||     5
         Potion            |       |     3 ||     3
   Stab: Sleeping          |     5 |     3 ||     8
 Armour: Leather armour    |    10 |    14 ||    24
         Skin              |       |     6 ||     6
  Dodge: Dodged            |    31 |    44 ||    75

Table legend: (Time is in decaauts)
 A = Elapsed time spent in this place.
 B = Non-inter-level travel time spent in this place.
 C = Inter-level travel time spent in this place.
 D = Time resting spent in this place.
 E = Time spent auto-exploring this place.
 F = Levels seen in this place.
 G = Mean time per level.
                   A        B        C        D        E       F      G
               +--------+--------+--------+--------+--------+-----+--------+
         Total |   2675 |   2592 |     83 |    251 |   1962 |   4 |  668.8 |
       Dungeon |   2675 |   2592 |     83 |    251 |   1962 |   4 |  668.8 |
               +--------+--------+--------+--------+--------+-----+--------+

Top non-repeatable levels by time:
     D:1: 971 daAuts
     D:2: 885 daAuts
     D:3: 765 daAuts
     D:4: 53 daAuts
